 Dungeon Crawl Stone Soup version 0.21.1-1-g345015f (webtiles) character file.

101 Zhenya24pyc the Skirmisher (level 4, -2/29 HPs)
             Began as a Gargoyle Fighter on Feb 8, 2018.
             Killed by nerve-wracking pain
             ... invoked by Grinder
              (7 damage)
             ... on level 3 of the Dungeon.
             The game lasted 00:03:26 (1778 turns).

Zhenya24pyc the Skirmisher (Gargoyle Fighter)       Turns: 1778, Time: 00:03:26

Health: -2/29      AC: 15    Str: 20    XL:     4   Next: 75%
Magic:  4/4        EV:  7    Int:  8    God:
Gold:   131        SH:  9    Dex: 10    Spells: 3/3 levels left

rFire    . . .     SeeInvis .   a - +0 flail
rCold    . . .     Gourm    .   c - +0 shield
rNeg     + . .     Faith    .   b - +0 scale mail
rPois    ∞         Spirit   .   (no helmet)
rElec    +         Reflect  .   (no cloak)
rCorr    .         Harm     .   i - +0 pair of gloves
MR       .....                  (no boots)
Stlth    ..........             (no amulet)
HPRegen  0.09/turn              p - +4 ring of protection
MPRegen  0.09/turn              (no ring)

@: no status effects
A: negative energy resistance 1, electricity resistance, unbreathing,
petrification resistance, rot immunity, AC +3
a: no special abilities


You were on level 3 of the Dungeon.
You were not hungry.

You visited 1 branch of the dungeon, and saw 3 of its levels.

You collected 131 gold pieces.

Inventory:

Hand Weapons
 a - a +0 flail (weapon)
Armour
 b - a +0 scale mail (worn)
 c - a +0 shield (worn)
 i - a +0 pair of gloves (worn)
Jewellery
 p - a +4 ring of protection (left hand)
Scrolls
 e - 2 scrolls of teleportation {unknown}
 g - a scroll of fog {unknown}
 j - 2 scrolls of blinking {unknown}
 l - a scroll of noise {unknown}
 m - 3 scrolls of identify {unknown}
 q - a scroll of enchant armour {unknown}
 r - a scroll of remove curse {unknown}
Potions
 d - a potion of might
 h - a potion of heal wounds {unknown}
 k - a potion of magic {unknown}
 n - 4 potions of curing {unknown}
 o - a potion of brilliance {unknown}
Comestibles
 f - 2 rations
 s - 2 chunks of flesh


   Skills:
 + Level 4.1 Fighting
 * Level 3.9 Maces & Flails
 - Level 3.2 Armour
 + Level 0.8 Dodging
 - Level 3.2 Shields


You had 3 spell levels left.
You didn't know any spells.

Dungeon Overview and Level Annotations

Branches:
Dungeon (3/15)

Altars:
Ashenzari

Annotations:
D:3 Grinder


Innate Abilities, Weirdness & Mutations

You are resistant to torment.
Your stone body is resilient. (AC +3)
You are immune to poison.
You resist negative energy. (rN+)
You are resistant to electric shocks. (rElec)
You can survive without breathing.
You are immune to petrification.
You are immune to rotting.


Message History

You closely miss the rat. You block the rat's attack.
You closely miss the rat. You block the rat's attack.
You closely miss the rat. The rat bites you but does no damage.
You barely miss the rat. The rat closely misses you.
Grinder blinks!
The rat barely misses you.
You hit the rat.
You kill the rat!
You see here a rat corpse.
You sock Grinder!
Grinder is almost dead.
You block Grinder's attack. Grinder hits you.
* * * LOW HITPOINT WARNING * * *
Your shield and scale mail prevent you from hitting Grinder.
Grinder is almost dead.
Grinder barely misses you.
You barely miss Grinder.
Grinder is almost dead.
Grinder gestures at you. Pain shoots through your body!
You die...

. .. ...... .. .....#
#. .....# #.. .....#
#...#### .....#
#....@5### ...$#
..#....#.>.######....#
P.#....###.)...(.(.# #
#.... ######....#.##
#..###. #..........
#.. #..####.#.......#
## #....#.#.###[#..
##.....# .# . #....§##
#


You could see Grinder.

Vanquished Creatures
  2 adders (D:2)
  2 worms
  2 leopard geckos
  A ball python (D:1)
  7 giant cockroaches
  9 hobgoblins
  3 jackals (D:1)
  2 quokkas (D:3)
  14 bats
  3 frilled lizards
  9 goblins
  10 kobolds
  6 rats
70 creatures vanquished.

Notes
Turn   | Place    | Note
-------+----------+-------------------------------------------
     0 | D:1      | Zhenya24pyc the Gargoyle Fighter began the quest for the Orb.
     0 | D:1      | Reached XP level 1. HP: 14/14 MP: 1/1
    67 | D:1      | Reached XP level 2. HP: 8/19 MP: 2/2
   511 | D:1      | Reached XP level 3. HP: 23/24 MP: 3/3
   894 | D:2      | Found a shattered altar of Ashenzari.
   983 | D:2      | Reached XP level 4. HP: 28/29 MP: 4/4
   990 | D:2      | Reached skill level 4 in Fighting
  1694 | D:3      | Noticed Grinder
  1697 | D:3      | Paralysed by Grinder for 5 turns
  1778 | D:3      | Killed from afar by Grinder

Skill      XL: |  1  2  3  4 |
---------------+-------------+-----
Maces & Flails | 3 |  3.9
Fighting       | 4 |  4.1
Armour         | |  3.2
Dodging        | |  0.8
Shields        | |  3.2

Action                   |  1- 3 |  4- 6 || total
-------------------------+-------+-------++-------
Melee: Flail             |   153 |   107 ||   260
  Eat: Chunk             |     1 |     2 ||     3
Armor: Scale mail        |   150 |    63 ||   213
Dodge: Dodged            |    77 |    38 ||   115
Block: Shield            |   129 |    67 ||   196
